 Dungeon Crawl Stone Soup version 0.14.0-25-g43f8a4e (webtiles) character file.

166 MDvedh the Cudgeler (level 4, -2/25 HPs)
             Began as a Gargoyle Artificer on Apr 25, 2014.
             Slain by Prince Ribbit (15 damage)
             ... on Level 4 of the Dungeon.
             The game lasted 00:03:49 (3179 turns).

MDvedh the Cudgeler (Gargoyle Artificer)            Turns: 3179, Time: 00:03:49

HP  -2/25        AC  6     Str 15      XL: 4   Next: 48%
MP   5/5         EV 11     Int 13      God:
Gold 81          SH  0     Dex 10      Spells:  0 memorised,  3 levels left

rFire  . . .     SeeInvis .     l - +0 mace
rCold  . . .     Clarity  .     e - +0 leather armour
rNeg   + . .     Conserve .     (no shield)
rPois  +         rCorr    .     (no helmet)
rElec  +         rRot     +     (no cloak)
SustAb . .       Spirit   .     (no gloves)
rMut   .         Warding  .     (no boots)
Saprov . . .     Stasis   .     (no amulet)
MR     .....                    (no ring)
                                o - ring of poison resistance {unknown}

@: not resistant to hostile enchantments, unstealthy
A: life protection 1, electricity resistance, unbreathing, petrification
resistance, AC +3
a: no special abilities


You were on level 4 of the Dungeon.
You were hungry.

You visited 1 branch of the dungeon, and saw 3 of its levels.

You collected 81 gold pieces.

Inventory:

Hand weapons
 a - a +0,+0 short sword
 l - a +0,+0 mace (weapon)
Armour
 e - a +0 leather armour (worn)
Magical devices
 b - a wand of flame (7)
 c - a wand of enslavement (15)
 d - a wand of random effects (15)
Comestibles
 f - a bread ration
 i - 10 grapes
Scrolls
 h - a scroll of identify {unknown}
 m - a scroll of immolation {unknown}
 n - 2 scrolls of fog {unknown}
 q - a scroll of amnesia
 r - a scroll of noise {unknown}
 s - a scroll of enchant armour {unknown}
Jewellery
 o - a ring of poison resistance (left hand) {unknown}
Potions
 g - 2 potions of heal wounds {unknown}
 k - 2 potions of might {unknown}
 t - a potion of porridge


   Skills:
 - Level 1.1 Fighting
 - Level 2.2 Short Blades
 + Level 3.3 Maces & Flails
 - Level 1.5 Dodging
 - Level 1.1 Stealth
 - Level 2.6 Evocations


You had 3 spell levels left.
You didn't know any spells.

Dungeon Overview and Level Annotations

Branches:
Dungeon (4/15)
 Temple: D:4-7

Altars:
Xom

Annotations:
D:4 exclusion: 2 doors, Prince Ribbit


Innate Abilities, Weirdness & Mutations

You are resistant to torment.
You are immune to poison.
You are immune to rotting.
Your stone body is very resilient (AC +3).
You resist negative energy.
You are resistant to electric shocks.
You can survive without breathing.
You are immune to petrification.


Message History

Okay, then.
Read which item? (? for menu, Esc to quit)
As you read the scroll of teleportation, it crumbles to dust.
You feel strangely unstable.
Prince Ribbit blinks!
Unknown command.
Your surroundings suddenly seem different.
Found a stone staircase leading down.
You start resting.
You are feeling hungry.
You start resting.
You start resting.
HP restored.
Found an escape hatch in the ceiling.
Prince Ribbit gives a loud, deep croak!
Found a fuming green potion.
Prince Ribbit hits you!
There is an escape hatch in the ceiling here.
Prince Ribbit hits you!
Ouch! That really hurt!
You die...

...... ... ...
..!# ...# ...#
#..# #.$# #..#
#F.# #@.# #..#
# #..#
#.####+###..#
#...........#
#...........#
#...........#
.............#
............#


You could see Prince Ribbit.

Vanquished Creatures
  3 adders (D:2)
  A giant mite (D:2)
  3 giant geckos
  An ooze (D:1)
  9 hobgoblins
  7 jackals (D:1)
  6 kobolds
  A ball python (D:2)
  3 bats (D:2)
  8 goblins
  6 rats
48 creatures vanquished.

Notes
Turn   | Place    | Note
--------------------------------------------------------------
     0 | D:1      | MDvedh, the Gargoyle Artificer, began the quest for the Orb.
     0 | D:1      | Reached XP level 1. HP: 12/12 MP: 1/1
    31 | D:1      | Reached skill level 1 in Short Blades
   247 | D:1      | Reached XP level 2. HP: 8/16 MP: 2/2
  1025 | D:1      | Found a shimmering altar of Xom.
  1227 | D:1      | Reached XP level 3. HP: 17/20 MP: 4/4
  1361 | D:1      | Reached skill level 1 in Maces & Flails
  2001 | D:2      | Reached XP level 4. HP: 25/25 MP: 5/5
  2425 | D:2      | Reached skill level 3 in Maces & Flails
  2659 | D:2      | You fall through a shaft for 2 floors!
  2817 | D:4      | Noticed an ogre
  2905 | D:4      | Noticed Prince Ribbit
  3179 | D:4      | Slain by Prince Ribbit

Action                   |  1- 3 |  4- 6 || total
-------------------------+-------+-------++-------
Melee: Short sword       |   174 |       ||   174
       Mace              |    16 |    79 ||    95
Evoke: Wand              |     4 |     4 ||     8
  Use: Scroll            |     3 |     1 ||     4
 Stab: Sleeping          |     1 |       ||     1
